 Dungeon Crawl Stone Soup version 0.31.0-11-ge490571c62 (webtiles) character file.

Game seed: 16097249937123415444

2743 howech the Changeling (level 9, 0/59 HPs)
             Began as an Octopode Shapeshifter on Feb 4, 2024.
             Was a Believer of Uskayaw.
             Slain by an eight-headed hydra (7 damage)
             ... on level 8 of the Dungeon.
             The game lasted 00:13:50 (5868 turns).

howech the Changeling (Octopode Shapeshifter)       Turns: 5868, Time: 00:13:50

Health: 0/59       AC:  5    Str: 15    XL:     9   Next: 68%
Magic:  11/11      EV: 14    Int: 13    God:    Uskayaw [**....]
Gold:   367        SH:  0    Dex: 13    Spells: 8/8 levels left

rFire   + . .        l - +4 long sword of the Teaching Dragonfly {venom, rC+}
rCold   + . .        (no shield)
rNeg    . . .        (helmet currently unavailable)
rPois   .            (no amulet)
rElec   .            g - ring of resist corrosion
rCorr   +            j - ring of protection from fire
SInv    +            k - ring of see invisible
Will    .....        (no ring)
Stlth   ++++         (no ring)
HPRegen 0.29/turn    (no ring)
MPRegen 0.12/turn    (no ring)
                     (no ring)

%: no passive effects
@: beast-form
A: beast (slay +3), almost no armour, amphibious, 8 rings, camouflage 1,
gelatinous body 1, (nimble swimmer 1), tentacles, tentacle spike 1, iridescent
scales 2
a: Begin Untransformation, Renounce Religion, Stomp, Line Pass


You were on level 8 of the Dungeon.
You worshipped Uskayaw.
Uskayaw was noncommittal.
You were a hulking beast.
You visited 2 branches of the dungeon, and saw 9 of its levels.

You collected 367 gold pieces.

Inventory:

Hand Weapons
 l - the +4 long sword of the Teaching Dragonfly (weapon) {venom, rC+}
   (You found it on level 2 of the Dungeon)

   rC+:       It protects you from cold.
Missiles
 n - 10 poisoned darts (quivered)
 s - 6 javelins
Armour
 e - a +1 tower shield
Jewellery
 g - a ring of resist corrosion (left tentacle)
 j - a ring of protection from fire (right tentacle)
 k - a ring of see invisible (on tentacle)
Talismans
 b - a beast talisman
 c - a flux talisman
Wands
 i - a wand of flame (30)
 t - a wand of iceblast (10)
Scrolls
 d - 5 scrolls of teleportation
 f - 2 scrolls of fog
 h - a scroll of enchant armour
 o - a scroll of summoning
 r - a scroll of amnesia
Potions
 a - 2 potions of curing
 m - 2 potions of mutation
 p - a potion of haste {unknown}
 w - a potion of brilliance {unknown}


   Skills:
 + Level 4.6 Fighting
 + Level 4.4 Long Blades
 + Level 5.0 Dodging
 + Level 6.4 Stealth
 + Level 5.4 Unarmed Combat
 + Level 3.9 Invocations
 * Level 6.8 Shapeshifting


You had 8 spell levels left.
You didn't know any spells.
Your spell library contained the following spells:

 Spells                   Type           Power      Damage    Failure   Level
 Kiss of Death            Conj/Necr      0%         2d5       30%         1
 Magic Dart               Conj           0%         1d3       30%         1
 Necrotise                Necr           0%         1d4       30%         1
 Scorch                   Fire           0%         2d5       43%         2
 Searing Ray              Conj           0%         2d4       43%         2
 Confusing Touch          Hex            0%         N/A       67%         3
 Stone Arrow              Conj/Erth      0%         3d7       67%         3
 Vampiric Draining        Necr           0%         2d6       67%         3
 Dispel Undead            Necr           0%         3d6       97%         4
 Flame Wave               Conj/Fire      0%         2d4       97%         4
 Fulminant Prism          Conj/Alch      0%         3d5       97%         4
 Martyr's Knell           Necr/Summ      0%         N/A       97%         4
 Curse of Agony           Necr           0%         N/A       100%        5
 Summon Cactus Giant      Summ           0%         N/A       100%        6
 Lehudib's Crystal Spear  Conj/Erth      0%         10d2      100%        8
 Animate Armour           Summ/Erth      Unusable   N/A       N/A         4

Dungeon Overview and Level Annotations

Branches:
Dungeon (8/15)             Temple (1/1) D:4
   Lair: D:8-11

Altars:
Cheibriados
Dithmenos
Elyvilon
Fedhas
Gozag
Hepliaklqana
Kikubaaqudgha
Makhleb
Nemelex Xobeh
Okawaru
Qazlal
Ru
Sif Muna
Trog
Uskayaw
Vehumet
Wu Jian
Xom
Yredelemnul
Zin
The Shining One

Shops:
D:1 (

Annotations:
Temple 2 transporters


Innate Abilities, Weirdness & Mutations

You are a hulking beast.
Your limbs bulge with bestial killing power. (Slay +3)
You cannot wear most types of armour.
You are amphibious.
You can wear up to eight rings at the same time.
Your skin changes colour to match your surroundings (Stealth+).
Your rubbery body absorbs attacks. (AC +1, EV +1)
((You are camouflaged when in or above water. (Stealth+)))
You have tentacles for arms and can constrict up to eight enemies at once.
One of your tentacles bears a spike.
You are mostly covered in iridescent scales. (AC +4)


Message History

You pierce the orc priest.
The orc priest is moderately wounded.
You constrict the orc priest. The orc priest closely misses you. x2
You slash the orc priest! You squeeze the orc priest.
You kill the orc priest!
You can now pass through a line of other dancers.
An orc wizard comes into view. It is wielding a +0 dagger.
You see here a +0 club.
An orc wizard is nearby!
You slash the orc wizard!
The orc wizard looks as sick as possible!
You grab the orc wizard.
You pierce the orc wizard.
The orc wizard is almost dead.
You constrict the orc wizard.
You kill the orc wizard!
An orc wizard comes into view. It is wielding a +0 dagger.
An eight-headed hydra comes into view.
The orc wizard gestures at you while chanting.
The puff of flame hits you. You resist.
The eight-headed hydra roars!
Things that are here:
a +0 dagger; a +0 robe; an orc corpse A purple ugly thing and an orc come into view.
Found a polished morningstar.
You barely miss the eight-headed hydra.
Your tentacle spike misses the eight-headed hydra.
The eight-headed hydra misses you. The eight-headed hydra bites you.
The eight-headed hydra bites you!
The eight-headed hydra bites you but does no damage.
The eight-headed hydra bites you!
The eight-headed hydra closely misses you.
The eight-headed hydra bites you!
* * * LOW HITPOINT WARNING * * *
The eight-headed hydra bites you.
* * * LOW HITPOINT WARNING * * *
The orc wizard casts a spell.
The orc wizard flickers and vanishes for a moment.
The eight-headed hydra attacks as it pursues you!
The eight-headed hydra bites you!
You die...

####### ##########
#....o###.........
#.ou###....###....
...
#D###....###....##
...
#h#....###....###
.. #.)..###....###
..#..###....###
#.####....###
#.##....###
+.....### #...###
##....###
###....### .


You could see an eight-headed hydra and an orc wizard (invisible).

Vanquished Creatures
  Eustachio (D:5)
  4 yaks (D:8)
  Menkaure (D:5)
  An orc warrior (D:7)
  2 ice beasts (D:6)
  A black bear (D:7)
  A sky beast (D:8)
  A centaur (D:6)
  An ogre (D:7)
  A phantom (D:5)
  3 bullfrogs
  2 howler monkeys (D:5)
  A bombardier beetle (D:4)
  8 hounds
  2 jellies
  A gnoll bouda (D:6)
  3 orc priests
  4 iguanas
  9 orc wizards
  6 adders
  A white imp (D:6)
  2 ufetubi (D:5)
  3 dart slugs
  22 orcs
  5 endoplasms
  A giant cockroach (D:2)
  6 goblins
  7 hobgoblins
  4 jackals (D:4)
  5 quokkas
  7 ball pythons
  7 bats
  2 frilled lizards
  8 kobolds
  2 rats
135 creatures vanquished.

Notes
Turn   | Place    | Note
-------+----------+-------------------------------------------
     0 | D:1      | howech the Octopode Shapeshifter began the quest for the
                  | Orb.
     0 | D:1      | Reached XP level 1. HP: 13/13 MP: 1/1
   138 | D:1      | Reached XP level 2. HP: 16/18 MP: 2/2
   151 | D:1      | Found Ramett's Weapon Shop.
   451 | D:1      | Reached skill level 1 in Stealth
   741 | D:2      | Reached XP level 3. HP: 23/23 MP: 3/3
  1259 | D:2      | Identified the +4 long sword of the Teaching Dragonfly
                  | {venom, rC+}
  1820 | D:3      | Reached XP level 4. HP: 28/28 MP: 4/4
  2594 | D:3      | Reached skill level 1 in Long Blades
  2689 | D:4      | Reached XP level 5. HP: 30/34 MP: 5/5
  2805 | D:4      | Reached XP level 6. HP: 7/39 MP: 6/6
  2958 | D:4      | HP: 1/61 [orc/+0 whip (3)]
  2960 | D:4      | Gained mutation: You are partially covered in iridescent
                  | scales. (AC +2) [potion of mutation]
  2960 | D:4      | Gained mutation: One of your tentacles bears a spike.
                  | [potion of mutation]
  2960 | D:4      | Gained mutation: You are mostly covered in iridescent
                  | scales. (AC +4) [potion of mutation]
  3110 | D:4      | Found a staircase to the Ecumenical Temple.
  3384 | Temple   | Found a transporter.
  3384 | Temple   | Found a transporter.
  3384 | Temple   | Found a transporter.
  3384 | Temple   | Found a transporter.
  3384 | Temple   | Entered the Ecumenical Temple
  3398 | Temple   | Became a worshipper of Uskayaw the Reveller
  3555 | D:5      | Entered Level 5 of the Dungeon
  3561 | D:5      | Reached * piety under Uskayaw
  3601 | D:5      | Noticed Menkaure
  3604 | D:5      | Reached ** piety under Uskayaw
  3605 | D:5      | Killed Menkaure
  3606 | D:5      | Reached XP level 7. HP: 24/45 MP: 7/7
  3607 | D:5      | Reached *** piety under Uskayaw
  3887 | D:5      | Reached skill level 1 in Invocations
  4087 | D:5      | Noticed Eustachio
  4099 | D:5      | Killed Eustachio
  4100 | D:5      | Reached skill level 5 in Shapeshifting
  4159 | D:5      | Reached XP level 8. HP: 51/52 MP: 9/9
  4749 | D:6      | Reached **** piety under Uskayaw
  4782 | D:6      | Reached skill level 5 in Stealth
  4932 | D:6      | Found a hazy altar of Hepliaklqana.
  4940 | D:6      | Found a snail-covered altar of Cheibriados.
  5164 | D:7      | Found a blossoming altar of Fedhas.
  5164 | D:7      | Found a glowing silver altar of Zin.
  5234 | D:7      | Reached XP level 9. HP: 27/58 MP: 11/11
  5235 | D:7      | Reached skill level 5 in Unarmed Combat
  5683 | D:8      | Reached ***** piety under Uskayaw
  5684 | D:8      | Reached skill level 5 in Dodging
  5865 | D:8      | Noticed an eight-headed hydra
  5866 | D:8      | Noticed a purple ugly thing
  5868 | D:8      | Slain by an eight-headed hydra

Illustrated notes

Levels and vault maps discovered:
D:1:      dpeg_arrival_renting, layout_basic, serial_shops, shop,
          palyth_stone_intersect
D:2:      layout_basic
D:3:      layout_loops_corners
D:4:      layout_cave_pools, minmay_temple_entry_glassed_door
D:5:      layout_gridville, nicolae_nh_ransacked_shop, uniq_menkaure,
          uniq_eustachio
D:6:      layout_gridville, jmf_multi_god_temple2
D:7:      layout_rooms, nicolae_overflow_hidden_temple
D:8:      minmay_tri_box, layout_basic, uniq_grum
Temple:   hellmonk_temple_divided_pantheon

Skill      XL: |  1  2  3  4  5  6  7  8  9 |
---------------+----------------------------+-----
Stealth        | 1 2 3 4 5 6 |  6.4
Long Blades    | 1 2 3 4 |  4.4
Fighting       | 2 3 4 |  4.6
Shapeshifting  | 4 5 6 |  6.8
Dodging        | 3 4 5 |  5.0
Unarmed Combat | 4 5 |  5.4
Invocations    | 1 3 |  3.9

Action                     |  1- 3 |  4- 6 |  7- 9 || total
---------------------------+-------+-------+-------++-------
  Melee: Unarmed           |    45 |       |       ||    45
         Constrict         |    12 |    17 |    31 ||    60
         Tentacles         |     4 |    10 |    32 ||    46
         Long sword        |    10 |    82 |   116 ||   208
         Kick              |       |     2 |    41 ||    43
         Punch             |       |       |     2 ||     2
    Use: Potion            |       |     5 |       ||     5
         Scroll            |       |     4 |     6 ||    10
   Stab: Sleeping          |    15 |    11 |     5 ||    31
         Paralysed         |       |       |     4 ||     4
 Armour: Skin              |    18 |    84 |    73 ||   175
  Dodge: Dodged            |    24 |    44 |    80 ||   148
